[Event "Team 45 45 League T40"]
[Site "Internet Chess Club"]
[Date "2009.02.08"]
[Round "2"]
[White "NewfieKnight"]
[Black "Zohan"]
[Result "0-1"]
[WhiteElo "1171"]
[BlackElo "1214"]
[Opening "Queen's pawn game, Darooha variation "]
[ECO "D02"]
[Time "16:30:15"]
[TimeControl "2700+45"]

1. d4 d5 2. Nf3 Nf6 3. h3 c6 4. Bf4 Bf5 5. e3 Nbd7 6. c4 e6 7. Nc3 Bb4 8. cxd5
cxd5 9. Bb5 O-O 10. a3 Bxc3+ 11. bxc3 Ne4 12. c4 Ndf6 13. O-O Nc3 14. Qb3 Ne2+
15. Kh1 Nxf4 16. exf4 Ne4 17. cxd5 exd5 18. Bd3 Qd6 19. Ng5 Nd2 20. Qc2 Nxf1 21.
Bxf5 Qxf4 22. Bxh7+ Kh8 23. Nf3 Rac8 24. Qd3 g6 25. Rxf1 Kxh7 26. g3 Qf6 27. Ne5
Rc7 28. Ng4 Qc6 29. Qe3 Qe6 30. Qh6+ Kg8 31. Qg5 f5 32. Ne5 Qf6 33. Qh6 Rh7 34.
Nd7 Rxh6 35. Nxf6+ Rxf6 36. Re1 Kf7 37. Kg2 Re6 38. Rc1 Rc6 39. Re1 Kf6 40. Re3
Rh7 41. Rf3 Re7 42. g4 Rec7 43. Kg3 Rc3 44. gxf5 Rxf3+ 45. Kxf3 Kxf5 46. Kg3
Rc3+ 47. f3 Rxa3 48. h4 Ra4 49. h5 gxh5 50. Kh4 Rxd4+ {White resigns} 0-1

[Event "Team 45 45 League T40"]
[Site "Internet Chess Club"]
[Date "2009.02.09"]
[Round "2"]
[White "Daidalos"]
[Black "Rhayder"]
[Result "1-0"]
[WhiteElo "1124"]
[BlackElo "1148"]
[Opening "King's Indian: East Indian defense"]
[ECO "A48"]
[Time "08:07:22"]
[TimeControl "2700+45"]

1. Nf3 Nf6 2. d4 g6 3. e3 Bg7 4. c4 O-O 5. Nbd2 d6 6. b4 Nbd7 7. Bb2 Re8 8. Be2
e5 9. Nb3 exd4 10. Nfxd4 Ne4 11. O-O c5 12. bxc5 dxc5 13. Rb1 cxd4 14. Bxd4 Bxd4
15. Qxd4 Ndf6 16. Qxd8 Rxd8 17. Rbd1 Bg4 18. Bxg4 Nxg4 19. f3 Nc3 20. Rxd8+ Rxd8
21. fxg4 Rd1 22. Rxd1 Nxd1 23. e4 Nc3 24. Nc5 b6 25. Nd7 Nxe4 26. a4 Nc5 27.
Nxc5 bxc5 28. Kf2 Kg7 29. h4 Kf6 30. Ke3 Ke5 31. g3 f6 32. a5 a6 33. Kd3 f5 34.
gxf5 Kxf5 35. Ke3 Kg4 36. Kf2 g5 37. hxg5 Kxg5 38. Kf3 h5 39. Kg2 Kg4 40. Kf2
Kh3 41. Kf3 Kh2 42. g4 hxg4+ 43. Kxg4 Kg2 44. Kf4 Kf2 45. Ke4 Ke2 46. Kd5 Kd3
47. Kxc5 Kc3 48. Kb6 Kb4 49. c5 Kc4 50. c6 {Black resigns} 1-0

[Event "Team 45 45 League T40"]
[Site "Internet Chess Club"]
[Date "2009.02.07"]
[Round "2"]
[White "guyd52"]
[Black "Conjurer"]
[Result "1-0"]
[WhiteElo "1323"]
[BlackElo "1283"]
[Opening "Réti: King's Indian attack"]
[ECO "A05"]
[Time "12:01:41"]
[TimeControl "2700+45"]

1. Nf3 Nf6 2. g3 g6 3. Bg2 Bg7 4. d3 O-O 5. O-O Nc6 6. Nbd2 e5 7. e4 Re8 8. b3
d5 9. Re1 d4 10. Bb2 b5 11. c3 b4 12. cxd4 Nxd4 13. Rc1 Ba6 14. Nc4 c5 15. Nfxe5
Nd7 16. Nf3 Nxf3+ 17. Bxf3 Ne5 18. Re3 Bxc4 19. Bxe5 Bxd3 20. Bxg7 Kxg7 21. Qxd3
Qg5 22. Qa6 Rec8 23. Rd1 Qe7 24. Bg4 Rc7 25. Qc4 a5 26. Red3 a4 27. Rd7 Rxd7 28.
Rxd7 Qg5 29. Qxf7+ {Black resigns} 1-0

[Event "Team 45 45 League T40"]
[Site "Internet Chess Club"]
[Date "2009.02.07"]
[Round "2"]
[White "blkmagic"]
[Black "CoasterBrake"]
[Result "0-1"]
[WhiteElo "1201"]
[BlackElo "1242"]
[Opening "Caro-Kann: exchange variation"]
[ECO "B13"]
[Time "13:31:05"]
[TimeControl "2700+45"]

1. e4 c6 2. d4 d5 3. exd5 cxd5 4. Bb5+ Bd7 5. Qd3 a6 6. Bxd7+ Qxd7 7. Nf3 Nc6 8.
Bd2 e6 9. a3 Nf6 10. Ne5 Qc7 11. Nxc6 Qxc6 12. O-O Bd6 13. Re1 O-O 14. Bg5 Be7
15. Bxf6 Bxf6 16. Re3 Qb6 17. Rh3 g6 18. Ra2 Bxd4 19. Rf3 Bxb2 20. Qe3 Qxe3 21.
fxe3 Bg7 22. c3 Rac8 23. Rb2 b5 24. Rb3 Rfd8 25. Kf2 e5 26. g4 d4 27. cxd4 exd4
28. exd4 Rxd4 29. Rbe3 Rxg4 30. Nd2 Bd4 31. h3 Rh4 32. Kg3 Bxe3 33. Rxe3 Rd4 34.
Ne4 Rcd8 35. Nf6+ Kh8 36. Kf3 Rd3 {White resigns} 0-1

[Event "Team 45 45 League T40"]
[Site "Internet Chess Club"]
[Date "2009.02.08"]
[Round "2"]
[White "farbror"]
[Black "sere"]
[Result "1-0"]
[WhiteElo "1158"]
[BlackElo "929"]
[Opening "Sicilian defense"]
[ECO "B30"]
[Time "01:15:27"]
[TimeControl "2700+45"]

1. e4 c5 2. Nf3 Nc6 3. d3 d6 4. g3 Nf6 5. Bg2 Bd7 6. O-O e6 7. Re1 Be7 8. e5
dxe5 9. Nxe5 Nxe5 10. Rxe5 O-O 11. Bxb7 Rb8 12. Be4 Nxe4 13. dxe4 Bd6 14. Qxd6
Rc8 15. Rxc5 Rxc5 16. Qxc5 Ba4 17. Bd2 Qf6 18. Qc3 Qxc3 19. Nxc3 Bxc2 20. Rc1
Bd3 21. a4 Rc8 22. Nb5 Rxc1+ 23. Bxc1 Bxe4 24. Nxa7 Kf8 25. a5 Ke8 26. Kf1 Kd7
27. Nb5 Kc6 28. Nc3 Bh1 29. Ke2 Kb7 30. Ke3 Ka6 31. b4 Kb7 32. Kd4 Kc7 33. Kc5
f5 34. Bf4+ Kd7 35. Na4 Ke7 36. a6 Kf6 37. Nb6 Kg6 38. a7 Kh5 39. a8=Q Bxa8 40.
Nxa8 g5 41. Be3 f4 42. gxf4 gxf4 43. Bxf4 Kh4 44. b5 Kg4 45. Bg3 h5 46. b6 h4
47. Kd6 hxg3 48. hxg3 Kf5 49. b7 e5 50. b8=Q e4 51. Kd5 Kg5 52. Qf4+ Kg6 53.
Kxe4 Kg7 54. Ke5 Kg6 55. Ke6 Kh5 56. Qf5+ Kh6 57. Qg4 Kh7 58. Kf6 Kh8 59. Qg7#
{Black checkmated} 1-0

[Event "Team 45 45 League T40"]
[Site "Internet Chess Club"]
[Date "2009.02.09"]
[Round "2"]
[White "WillsGambit"]
[Black "Razorbackchess"]
[Result "0-1"]
[WhiteElo "1582"]
[BlackElo "1779"]
[Opening "King's Indian: 5.Be2"]
[ECO "E73"]
[Time "21:08:51"]
[TimeControl "2700+45"]

1. d4 Nf6 2. c4 g6 3. Nc3 Bg7 4. e4 d6 5. Be2 O-O 6. h3 Nbd7 7. Nf3 e5 8. d5 Nc5
9. Qc2 a5 10. Bg5 h6 11. Be3 Ne8 12. Bxc5 dxc5 13. a4 Nd6 14. Nb5 f5 15. Nxd6
cxd6 16. exf5 Bxf5 17. Qd2 e4 18. Ng1 Qb6 19. g4 Bd7 20. h4 Qxb2 21. Qxb2 Bxb2
22. Rb1 Bc3+ 23. Kf1 Bxa4 24. Rxb7 Rab8 25. Re7 Bd4 26. Nh3 Rb1+ 27. Kg2 Rxh1
28. Kxh1 Bc2 29. g5 h5 30. Re6 e3 31. fxe3 Be5 32. Nf4 Bxf4 33. exf4 Ra8 34.
Rxd6 a4 35. Rc6 a3 36. d6 a2 37. d7 a1=Q+ 38. Kh2 Bf5 39. Rc8+ Rxc8 {White
resigns} 0-1

[Event "Team 45 45 League T40"]
[Site "Internet Chess Club"]
[Date "2009.02.08"]
[Round "2"]
[White "sean98"]
[Black "JABalin"]
[Result "1-0"]
[WhiteElo "1727"]
[BlackElo "1573"]
[Opening "Sicilian defense"]
[ECO "B34"]
[Time "16:30:16"]
[TimeControl "2700+45"]

1. e4 c5 2. Nf3 Nc6 3. d4 cxd4 4. Nxd4 g6 5. Be3 Bg7 6. Nc3 Nf6 7. f3 O-O 8. Qd2
d5 9. O-O-O e6 10. Nxc6 bxc6 11. e5 Nd7 12. f4 a6 13. h4 c5 14. Bf2 d4 15. Ne4
Qb6 16. Nd6 Rb8 17. Nc4 Qc7 18. b3 Nb6 19. Nxb6 Qxb6 20. Bc4 a5 21. g4 a4 22. g5
axb3 23. axb3 Rd8 24. Qd3 Ra8 25. Kd2 Ba6 26. Bxa6 Qxa6 27. Qxa6 Rxa6 28. Ra1
Rda8 29. Rxa6 Rxa6 30. Kd3 Rc6 31. c3 Rb6 32. Rb1 dxc3 33. Kxc3 Rb4 34. Bg3 h6
35. Ra1 Kh8 36. Ra4 Bf8 37. Rxb4 cxb4+ 38. Kc4 Be7 39. Be1 hxg5 40. hxg5 Kg8 41.
Bxb4 Bd8 42. Bd6 Bb6 43. Bc5 Bc7 44. Be7 Bb6 45. Bc5 Bc7 46. b4 Bb8 47. b5 Kg7
48. b6 Kg8 49. Kb5 Kg7 50. Kc6 {Black resigns} 1-0

[Event "Team 45 45 League T40"]
[Site "Internet Chess Club"]
[Date "2009.02.06"]
[Round "2"]
[White "shakespearebro"]
[Black "kingphisch"]
[Result "0-1"]
[WhiteElo "1492"]
[BlackElo "1549"]
[Opening "Caro-Kann: exchange variation"]
[ECO "B13"]
[Time "12:08:47"]
[TimeControl "2700+45"]

1. e4 c6 2. d4 d5 3. exd5 cxd5 4. Nf3 Nc6 5. Nc3 Nf6 6. Bb5 Bf5 7. Ne5 Rc8 8.
O-O e6 9. Re1 Be7 10. Bf4 O-O 11. Nxc6 bxc6 12. Ba6 Ra8 13. Bb7 Qb6 14. Bxa8
Rxa8 15. b3 Bb4 16. Na4 Qa5 17. Re3 Ne4 18. a3 Bd2 19. Rf3 Bxf4 20. Rxf4 Rc8 21.
Qe1 Qc7 22. Nc3 Qxf4 23. Nxe4 Bxe4 24. c3 Qg5 25. f3 Bxf3 26. Qg3 Qe3+ 27. Qf2
Qxc3 28. Rf1 Bh5 29. Qh4 Bg6 30. Qf2 Qxb3 31. g4 Qxa3 32. h4 h5 33. gxh5 Bxh5
34. Qg3 Qxg3+ {White resigns} 0-1

[Event "Team 45 45 League T40"]
[Site "Internet Chess Club"]
[Date "2009.02.06"]
[Round "2"]
[White "twintower"]
[Black "hogwash"]
[Result "0-1"]
[WhiteElo "1382"]
[BlackElo "1417"]
[Opening "Scandinavian (center counter) defense"]
[ECO "B01"]
[Time "14:00:25"]
[TimeControl "2700+45"]

1. e4 d5 2. exd5 Qxd5 3. Nf3 Bg4 4. Be2 Nc6 5. O-O h5 6. Nh4 g5 7. Nc3 Qe6 8.
Bxg4 hxg4 9. Re1 Qh6 10. Nf5 Qxh2+ 11. Kf1 O-O-O 12. Qxg4 Nf6 13. Nxe7+ Kb8 14.
Nxc6+ bxc6 15. Qg3 Qh1+ 16. Ke2 Re8+ 17. Kd3 Qxe1 18. Qf3 Bc5 19. Qxc6 Rd8+ 20.
Kc4 Rh4+ 21. Kxc5 Qe5+ {White resigns} 0-1

[Event "Team 45 45 League T40"]
[Site "Internet Chess Club"]
[Date "2009.02.08"]
[Round "2"]
[White "Archdruid"]
[Black "fishhead"]
[Result "1-0"]
[WhiteElo "1734"]
[BlackElo "1791"]
[Opening "Alekhine's defense: Maróczy variation"]
[ECO "B02"]
[Time "21:08:32"]
[TimeControl "2700+45"]

1. e4 Nf6 2. d3 g6 3. Nc3 Bg7 4. Nf3 d6 5. Bd2 O-O 6. Qc1 e5 7. Bh6 c6 8. Bxg7
Kxg7 9. Be2 h6 10. h3 Be6 11. Nh2 Qd7 12. O-O g5 13. Qd2 Rg8 14. Rad1 g4 15.
hxg4 Nxg4 16. Nxg4 Bxg4 17. d4 Bxe2 18. Nxe2 Qe6 19. dxe5 dxe5 20. Ng3 Na6 21.
Nf5+ Kh7 22. Qe3 Rad8 23. g3 b6 24. Kg2 Rxd1 25. Rxd1 Rg6 26. Rd6 Qxd6 27. Nxd6
Rxd6 28. Qf3 Kg7 29. Qa3 Nc5 30. Qxa7 Nxe4 31. Qxb6 c5 32. Qb7 Rd4 33. c3 Rc4
34. b3 Rxc3 35. Qxe4 f6 36. Qb7+ Kg6 37. a4 Kf5 38. a5 c4 39. bxc4 Rxc4 40. Qf3+
Ke6 41. Qb3 Kd5 42. a6 Kc5 43. a7 {Black resigns} 1-0

[Event "Team 45 45 League T40"]
[Site "Internet Chess Club"]
[Date "2009.02.09"]
[Round "2"]
[White "barraq"]
[Black "Elita499"]
[Result "0-1"]
[WhiteElo "1690"]
[BlackElo "1674"]
[Opening "Bishop's opening: Berlin defense"]
[ECO "C24"]
[Time "18:01:55"]
[TimeControl "2700+45"]

1. e4 e5 2. Bc4 Nf6 3. d3 Bc5 4. Qe2 c6 5. Bb3 O-O 6. Nc3 d6 7. h3 Be6 8. Nf3
Nbd7 9. Bg5 h6 10. Bh4 Qc7 11. Bg3 Rae8 12. O-O Nh5 13. Kh2 f5 14. exf5 Bxb3 15.
axb3 Rxf5 16. Ne4 Bb6 17. Nh4 Nxg3 18. fxg3 Rxf1 19. Rxf1 d5 20. Nc3 Nf6 21. Qd1
Bd4 22. Nf5 Bxc3 23. bxc3 e4 24. Nxh6+ Kh7 25. Ng4 Nh5 26. Qe1 e3 27. Rf3 e2 28.
Re3 Rxe3 29. Nxe3 Qxg3+ 30. Qxg3 Nxg3 31. Kxg3 e1=Q+ 32. Kf3 Qxc3 33. Ke2 Qe5
34. Kd2 d4 35. Ng4 Qf4+ 36. Ke2 a5 37. Kd1 Qf1+ 38. Kd2 Qxg2+ {White resigns}
0-1

[Event "Team 45 45 League T40"]
[Site "Internet Chess Club"]
[Date "2009.02.09"]
[Round "2"]
[White "arconia"]
[Black "Fidelian"]
[Result "1-0"]
[WhiteElo "1401"]
[BlackElo "1263"]
[Opening "Petrov's defense"]
[ECO "C42"]
[Time "20:01:13"]
[TimeControl "2700+45"]

1. e4 e5 2. Nf3 Nf6 3. d3 Nc6 4. Be2 d5 5. Nc3 d4 6. Nb1 Bb4+ 7. Nbd2 Bd7 8. O-O
h5 9. a3 Be7 10. b3 Bg4 11. h3 Bxf3 12. Bxf3 g5 13. Be2 Qd7 14. Bb2 O-O-O 15. b4
Rdg8 16. c3 g4 17. h4 g3 18. f3 Ne8 19. b5 Na5 20. Qa4 b6 21. Nc4 a6 22. Nxa5
bxa5 23. c4 Nd6 24. Qxa5 c5 25. bxa6 Qa7 26. Rab1 Bd8 27. Qa4 Rh6 28. Bc1 Rhg6
29. f4 exf4 30. Bxf4 Ne8 31. Rb8+ Qxb8 32. Bxb8 Kxb8 33. a7+ Ka8 34. Rxf7 Ra6
35. Qd7 Nc7 36. e5 Kxa7 37. a4 Kb8 38. Bf3 Ra7 39. e6 Re8 40. e7 Bxe7 41. Rxe7
Rxe7 42. Qd8# {Black checkmated} 1-0

[Event "Team 45 45 League T40"]
[Site "Internet Chess Club"]
[Date "2009.02.08"]
[Round "2"]
[White "yemisco1"]
[Black "GadsHill"]
[Result "1-0"]
[WhiteElo "1518"]
[BlackElo "1555"]
[Opening "Queen's pawn: Chigorin variation"]
[ECO "D00"]
[Time "15:01:35"]
[TimeControl "2700+45"]

1. d4 d5 2. Nc3 e6 3. Nf3 Nf6 4. Bg5 c5 5. e3 Nc6 6. Bb5 a6 7. Bxc6+ bxc6 8. O-O
Be7 9. Bxf6 gxf6 10. Ne2 h5 11. c3 Kd7 12. Nf4 h4 13. Nh3 a5 14. Qa4 c4 15. Rfe1
Ba6 16. e4 Bb5 17. Qc2 Qc7 18. a4 Ba6 19. Re3 Rag8 20. Rae1 Qd8 21. exd5 cxd5
22. Nf4 Bc8 23. Nxd5 exd5 24. Rxe7+ Qxe7 25. Rxe7+ Kxe7 26. Qe2+ Kd6 27. Qe3 Bg4
28. Qf4+ Kd7 29. Qxf6 h3 30. Ne5+ Kc8 31. Nxg4 hxg2 32. f3 Re8 33. Ne5 Ref8 34.
h4 Rhg8 35. Qc6+ {Black resigns} 1-0

[Event "Team 45 45 League T40"]
[Site "Internet Chess Club"]
[Date "2009.02.06"]
[Round "2"]
[White "katabatico"]
[Black "Aquaman"]
[Result "1/2-1/2"]
[WhiteElo "1347"]
[BlackElo "1401"]
[Opening "QP counter-gambit: Maroczy gambit"]
[ECO "C40"]
[Time "16:00:14"]
[TimeControl "2700+45"]

1. e4 e5 2. Nf3 d5 3. exd5 Bd6 4. d4 e4 5. Ne5 Nf6 6. Bb5+ Nbd7 7. Nc3 O-O 8.
O-O Nxe5 9. dxe5 Bxe5 10. Bg5 Qd6 11. Bxf6 Qxf6 12. Nxe4 Bxh2+ 13. Kxh2 Qh4+ 14.
Kg1 Qxe4 15. Bd3 Qh4 16. Re1 g6 17. Re4 Qg5 18. c4 Bh3 19. g3 Bf5 20. Re3 Bxd3
21. Qxd3 Rad8 22. Rae1 Rd6 23. Re5 Qd8 24. R1e4 c6 25. Qe3 Kg7 26. b4 cxd5 27.
cxd5 Rxd5 28. Rxd5 Qxd5 29. Qd4+ Qxd4 30. Rxd4 b5 31. Rd6 Ra8 32. Ra6 Kf8 33. a4
bxa4 34. Rxa4 Ke7 35. Ra6 Kd7 36. b5 Kc7 37. Rf6 Rf8 38. f4 h5 39. Kf2 Kd7 40.
Ke3 Ke7 41. Ra6 Ra8 42. b6 Rb8 43. Rxa7+ Ke6 44. Ra6 Rb7 45. Kd4 Kd6 46. Ke4 f5+
47. Kd4 g5 48. fxg5 f4 49. gxf4 h4 50. g6 h3 51. g7 Rxg7 52. b7+ Kc7 53. Ra8
Kxb7 54. Ra1 h2 55. Rh1 Rh7 56. Ke5 Kc6 57. f5 Kd7 58. f6 Ke8 59. Ke6 Kf8 60.
Kf5 Kf7 61. Kg5 Rh3 62. Kg4 Rh8 63. Kg3 Kxf6 64. Rxh2 Rg8+ 65. Kf2 Ra8 {Game
drawn by mutual agreement} 1/2-1/2

[Event "Team 45 45 League T40"]
[Site "Internet Chess Club"]
[Date "2009.02.09"]
[Round "2"]
[White "reverendjim"]
[Black "sdcohle"]
[Result "1-0"]
[WhiteElo "1288"]
[BlackElo "1318"]
[Opening "Ruy Lopez: old Steinitz defense"]
[ECO "C62"]
[Time "23:00:08"]
[TimeControl "2700+45"]

1. e4 e5 2. Nf3 Nc6 3. Bb5 d6 4. d4 exd4 5. Qxd4 Bd7 6. Bxc6 Bxc6 7. Nc3 Qf6 8.
Be3 Qxd4 9. Nxd4 Bd7 10. Ndb5 Bxb5 11. Nxb5 Kd8 12. O-O-O a6 13. Nc3 f6 14. f4
Kd7 15. e5 fxe5 16. fxe5 Re8 17. Bf4 Nh6 18. h3 Nf7 19. Rhe1 g5 20. Bh2 Bg7 21.
exd6 Nxd6 22. Ne4 Rxe4 23. Rxe4 Bf8 24. c4 Kc6 25. Re6 b6 26. g4 Rg8 27. b4 Kd7
28. Re2 Rg6 29. c5 h6 30. cxd6 cxd6 31. Rf1 Bg7 32. Rf7+ Kc6 33. Ree7 Bd4 34. a4
a5 35. Rc7+ Kd5 36. Rf5+ Ke6 37. b5 Bc5 38. Rcf7 Bd4 39. Kc2 Bc5 40. Kd3 Bb4 41.
Ke4 Bc5 42. Kd3 Bb4 43. Bg3 Bc5 44. Ke2 Bb4 45. Rf8 Ke7 46. R8f7+ Ke6 47. Rb7
Bc5 48. Bf2 d5 49. Bxc5 bxc5 50. Rb6+ Ke7 51. Rxg6 d4 52. Rxc5 Kf7 53. Rxh6 Kg7
54. Rd6 d3+ 55. Kxd3 Kf7 56. Rc7+ Ke8 57. b6 Kf8 58. b7 Kg8 59. b8=R# {Black
checkmated} 1-0

[Event "Team 45 45 League T40"]
[Site "Internet Chess Club"]
[Date "2009.02.05"]
[Round "2"]
[White "carolinaknight"]
[Black "furrbrain"]
[Result "1-0"]
[WhiteElo "1265"]
[BlackElo "1203"]
[Opening "French: advance, Nimzovich system"]
[ECO "C02"]
[Time "20:01:51"]
[TimeControl "2700+45"]

1. e4 e6 2. d4 d5 3. e5 c5 4. Nf3 Qb6 5. c3 Nc6 6. a3 Nge7 7. Be2 Nf5 8. O-O Be7
9. Qc2 cxd4 10. c4 Qc5 11. Nbd2 O-O 12. Nb3 Qb6 13. Bd3 Bd7 14. Bg5 f6 15. c5
Qd8 16. exf6 Bxf6 17. Bf4 Rc8 18. Bd6 Be7 19. Bxe7 Qxe7 20. Rfe1 Qf6 21. Qd2 b6
22. Bb5 bxc5 23. Nxc5 Qe7 24. Rac1 e5 25. Nxd7 Qxd7 26. Nxe5 Qd6 27. Bxc6 {Black
resigns} 1-0

[Event "Team 45 45 League T40"]
[Site "Internet Chess Club"]
[Date "2009.02.07"]
[Round "2"]
[White "Kravier"]
[Black "Zyme"]
[Result "1-0"]
[WhiteElo "1584"]
[BlackElo "1424"]
[Opening "King's Indian: London system"]
[ECO "A48"]
[Time "08:06:24"]
[TimeControl "2700+45"]

1. Nf3 Nf6 2. d4 g6 3. Bf4 Bg7 4. e3 O-O 5. c4 d6 6. Nc3 Nh5 7. Bg3 Nxg3 8. hxg3
Nd7 9. Be2 Nf6 10. Qc2 Bf5 11. Bd3 Bxd3 12. Qxd3 c5 13. dxc5 dxc5 14. Qxd8 Raxd8
15. O-O a6 16. Rfd1 Rd7 17. Kf1 Rfd8 18. Ke2 Ng4 19. Rxd7 Rxd7 20. Rd1 Rxd1 21.
Nxd1 Kf8 22. Ng5 h6 23. Ne4 b6 24. Nec3 e6 25. Na4 Ne5 26. Nxb6 Bf6 27. f4 Bd8
28. Na4 Nd7 29. Ndc3 Ke7 30. Ne4 Nb6 31. Naxc5 Nxc4 32. b3 Nd6 33. Nxd6 Kxd6 34.
Nxa6 Kd5 35. Nb4+ Kc5 36. Nc2 Ba5 37. Kd3 Kd5 38. e4+ Kc5 39. a3 Bc7 40. b4+ Kb5
41. Nd4+ Ka4 42. Kc4 e5 43. fxe5 Bxe5 44. g4 Kxa3 45. b5 Bc7 46. Kd5 Kb4 47. Kc6
Be5 48. Nc2+ Ka5 49. b6 f6 50. b7 Ka6 51. Nb4+ Ka7 52. Nd5 h5 53. gxh5 gxh5 54.
Nc7 Kb8 55. Ne6 Bg3 56. Nc5 Bf4 57. Nd7+ Ka7 58. Nxf6 h4 59. Nd7 Bg3 60. e5 Bxe5
61. Nxe5 Kb8 62. Nd7+ Ka7 63. b8=Q+ Ka6 64. Qb6# {Black checkmated} 1-0

[Event "Team 45 45 League T40"]
[Site "Internet Chess Club"]
[Date "2009.02.08"]
[Round "2"]
[White "AlPearson"]
[Black "kublai"]
[Result "0-1"]
[WhiteElo "1391"]
[BlackElo "1506"]
[Opening "English: symmetrical variation"]
[ECO "A38"]
[Time "17:00:18"]
[TimeControl "2700+45"]

1. c4 c5 2. Nf3 Nf6 3. Nc3 Nc6 4. g3 g6 5. Bg2 Bg7 6. O-O O-O 7. Rb1 d6 8. a3
Be6 9. b3 Qd7 10. Bb2 Bh3 11. Qc2 Bxg2 12. Kxg2 a6 13. Rfd1 b5 14. d4 b4 15. Ne4
Nxe4 16. Qxe4 Rab8 17. dxc5 Bxb2 18. Rxb2 bxa3 19. Ra2 Rxb3 20. cxd6 e6 21. Ne5
Nxe5 22. Qxe5 Qc6+ 23. f3 Rd8 24. c5 Rb2 25. Rxb2 axb2 26. Qc3 Qb5 27. Qc2 Rb8
28. Rb1 Rc8 29. d7 Qxd7 30. Rxb2 Qc6 31. Rb6 Qxb6 32. cxb6 Rxc2 33. b7 Rb2
{White resigns} 0-1

[Event "Team 45 45 League T40"]
[Site "Internet Chess Club"]
[Date "2009.02.07"]
[Round "2"]
[White "SigmaSquared"]
[Black "AtomicDog"]
[Result "1-0"]
[WhiteElo "1377"]
[BlackElo "1349"]
[Opening "Sicilian: Najdorf, Byrne (English) attack"]
[ECO "B90"]
[Time "09:53:22"]
[TimeControl "2700+45"]

1. e4 c5 2. Nf3 d6 3. d4 cxd4 4. Nxd4 Nf6 5. Nc3 a6 6. Be3 e5 7. Nb3 Be7 8. f3
Nbd7 9. Qd2 O-O 10. g4 b5 11. O-O-O Nb6 12. Nd5 Nbxd5 13. exd5 Nxg4 14. fxg4
Bxg4 15. Be2 Bf5 16. Bd3 Bxd3 17. Qxd3 f5 18. Rhg1 e4 19. Bd4 Bg5+ 20. Rxg5
Qxg5+ 21. Qd2 Qe7 22. Rg1 Rf7 23. Qg2 Rc8 24. Bc3 f4 25. Re1 f3 26. Qf2 Qg5+ 27.
Qd2 Qe7 28. Qf2 Qg5+ 29. Qd2 Qxd2+ 30. Nxd2 f2 31. Rf1 e3 32. Ne4 Rd8 33. Kd1
Re8 34. Ng3 Rf3 35. Ke2 Ref8 36. Bb4 R3f6 37. Kxe3 Re8+ 38. Kd2 Re5 39. Kc1 Rf3
40. b3 Rxd5 41. Kb2 Rf7 42. Ne4 Rf4 43. Nc3 Rdd4 44. Ba5 Rf7 45. Bb6 Rdf4 46.
Nd1 Rf3 47. Rxf2 Rxf2 48. Nxf2 Kf8 49. Nd3 Ke7 50. Bf2 Ke6 51. Bg3 g5 52. Nb4 a5
53. Nc6 a4 54. Nd4+ Kd5 55. Nxb5 axb3 56. cxb3 Rf6 57. Nxd6 Rxd6 58. Bxd6 Kxd6
59. a4 h5 60. Kc3 g4 61. Kd3 h4 62. Ke3 g3 63. hxg3 h3 64. Kf2 {Black resigns}
1-0

[Event "Team 45 45 League T40"]
[Site "Internet Chess Club"]
[Date "2009.02.04"]
[Round "2"]
[White "Traho"]
[Black "simonson"]
[Result "0-1"]
[WhiteElo "1204"]
[BlackElo "1323"]
[Opening "Réti: old Indian attack"]
[ECO "A06"]
[Time "19:39:33"]
[TimeControl "2700+45"]

1. Nf3 d5 2. d3 Bg4 3. g3 Bxf3 4. exf3 e5 5. Bg2 Nc6 6. O-O Qd7 7. Re1 O-O-O 8.
f4 f6 9. c3 Bd6 10. Qb3 exf4 11. Qxd5 fxg3 12. Qe6 gxh2+ 13. Kh1 Qxe6 14. Rxe6
Nge7 15. d4 Rhe8 16. Bh3 Kb8 17. Be3 Nd5 18. Rxe8 Rxe8 19. Bd7 Re7 20. Bxc6 Nxe3
21. fxe3 bxc6 22. Nd2 Rxe3 23. Nf1 Re2 24. b4 Rc2 25. a4 Rxc3 26. Nxh2 Bxh2 27.
Kxh2 Rc4 28. Re1 Rxd4 29. a5 Kb7 30. Re7 Rxb4 31. a6+ Kb6 32. Rxg7 Ra4 33. Rxh7
Rxa6 34. Rh6 Ra2+ 35. Kg3 a5 36. Rxf6 Rc2 37. Kf3 a4 38. Ke3 a3 39. Rf1 Rb2 40.
Ra1 a2 41. Kd3 c5 42. Kc3 Rh2 43. Kb3 Kb5 44. Rxa2 c4+ 45. Ka3 Rh3+ 46. Kb2 Rh2+
47. Ka3 Rxa2+ 48. Kxa2 Kb4 49. Kb2 c3+ 50. Kc2 Kc4 51. Kc1 Kb3 52. Kb1 c2+ 53.
Kc1 c5 54. Kd2 Kb2 {White resigns} 0-1

[Event "Team 45 45 League T40"]
[Site "Internet Chess Club"]
[Date "2009.02.08"]
[Round "2"]
[White "A-Ru"]
[Black "Fezzik"]
[Result "0-1"]
[WhiteElo "1817"]
[BlackElo "2005"]
[Opening "QGD Slav: 4.e3 Bf5"]
[ECO "D12"]
[Time "15:07:44"]
[TimeControl "2700+45"]

1. d4 d5 2. Nf3 Nf6 3. e3 Bf5 4. c4 c6 5. Qb3 Qc7 6. Bd2 Nbd7 7. Nc3 e6 8. Rc1
Qb6 9. Na4 Qxb3 10. axb3 Ne4 11. c5 Be7 12. Ba5 b6 13. Bb4 a5 14. Bc3 Nxc3 15.
Rxc3 b5 16. Nb6 Nxb6 17. cxb6 Bb4 18. Ne5 O-O 19. Nxc6 Bxc3+ 20. bxc3 Ra6 21.
Kd2 Rxb6 22. Nxa5 b4 23. cxb4 Rxb4 24. Kc3 Rb6 25. Bd3 Bxd3 26. Kxd3 Rb5 27. b4
Rxb4 28. Nc6 Rb3+ 29. Ke2 Ra8 30. Kf3 Kf8 31. Ne5 Rd8 32. Kg3 f6 33. Nf3 Rc8 34.
Ra1 Rc2 35. Ra8+ Kf7 36. Ra7+ Kg6 37. Ra1 Rbb2 38. Rf1 Kf7 39. Ne1 Rc1 40. Nd3
Rxf1 41. Nxb2 Rc1 42. f4 Ke7 43. Kf3 Rc2 44. Nd3 Kd6 45. Ne1 Ra2 46. Nd3 Ra3 47.
Ke2 Ra2+ 48. Kf3 Rd2 49. Nc1 Kc6 50. Ne2 Kb5 51. g4 Kc4 52. h4 Rc2 53. h5 Kd3
54. Ng3 Rh2 55. Nf1 Rh1 56. Ng3 Rh3 57. h6 g6 58. f5 exf5 59. gxf5 {White
resigns} 0-1

[Event "Team 45 45 League T40"]
[Site "Internet Chess Club"]
[Date "2009.02.07"]
[Round "2"]
[White "AronT"]
[Black "viking99"]
[Result "1-0"]
[WhiteElo "1784"]
[BlackElo "1805"]
[Opening "Grünfeld: modern exchange variation"]
[ECO "D85"]
[Time "20:02:08"]
[TimeControl "2700+45"]

1. d4 Nf6 2. c4 g6 3. Nc3 d5 4. cxd5 Nxd5 5. e4 Nxc3 6. bxc3 Bg7 7. Nf3 c5 8.
Bb2 Qa5 9. Qd2 O-O 10. Be2 cxd4 11. cxd4 Qxd2+ 12. Kxd2 Nc6 13. Rad1 Rd8 14. Kc1
Bg4 15. d5 Nb4 16. Bxg7 Rac8+ 17. Kb1 Kxg7 18. Rc1 h6 19. a3 Na6 20. Bxa6 bxa6
21. Ne5 Be2 22. a4 f6 23. Nc6 Rd7 24. f3 f5 25. Rhe1 Bd3+ 26. Ka2 fxe4 27. fxe4
Rb7 28. Rc3 Bb5 29. axb5 axb5 30. Kb3 Ra8 31. Kb4 Kf7 32. Ra1 a6 33. Ra5 e6 34.
Rca3 exd5 35. exd5 Kf6 36. Rxa6 Rxa6 37. Rxa6 Kf5 38. Kc5 h5 39. Ra7 Rxa7 40.
Nxa7 b4 41. Kxb4 {Black resigns} 1-0

[Event "Team 45 45 League T40"]
[Site "Internet Chess Club"]
[Date "2009.02.10"]
[Round "2"]
[White "Marichan"]
[Black "Ghashgork"]
[Result "1-0"]
[WhiteElo "1795"]
[BlackElo "1707"]
[Opening "Pirc: Austrian attack"]
[ECO "B09"]
[Time "15:13:42"]
[TimeControl "2700+45"]

1. e4 d6 2. d4 Nf6 3. Nc3 g6 4. f4 Bg7 5. Nf3 Bg4 6. Be2 O-O 7. Be3 Nbd7 8. e5
Ne8 9. h3 Bxf3 10. Bxf3 c6 11. Qd2 e6 12. Rd1 d5 13. g4 f6 14. O-O fxe5 15. fxe5
Qh4 16. Bg2 Qe7 17. Rxf8+ Nxf8 18. Ne2 Nc7 19. Bg5 Qd7 20. Ng3 Na6 21. Rf1 c5
22. c3 cxd4 23. cxd4 Rc8 24. h4 Qa4 25. Qf2 Qd7 26. h5 h6 27. Bf6 g5 28. Qd2 Nh7
29. Qd3 Nb4 30. Qg6 Qf7 31. Bxg7 Qxg6 32. hxg6 Kxg7 33. gxh7 Nxa2 34. Nh5+ Kxh7
35. Rf7+ Kh8 36. Nf6 {Black resigns} 1-0